 Dungeon Crawl Stone Soup version 0.30-a0-329-g85436e0a43 (webtiles) character file.

Game seed: 4191764452650235609

49 jlumianski the Trooper (level 3, -6/29 HPs)
             Began as a Demonspawn Fighter on Oct 28, 2022.
             Killed by nerve-wracking pain
             ... invoked by an orc priest
              (9 damage)
             ... on level 3 of the Dungeon.
             The game lasted 00:07:33 (1746 turns).

jlumianski the Trooper (Demonspawn Fighter)         Turns: 1746, Time: 00:07:33

Health: -6/29      AC: 10    Str: 18    XL:     3   Next: 53%
Magic:  3/3        EV:  6    Int:  9    God:
Gold:   141        SH:  4    Dex: 12    Spells: 2/2 levels left

rFire   . . .      SeeInvis .    a - +0 war axe
rCold   . . .      Faith    .    c - +0 buckler
rNeg    . . .      Spirit   .    r - +0 chain mail
rPois   .          Reflect  .    (no helmet)
rElec   .          Harm     .    e - +0 cloak
rCorr   .          Rampage  .    (no gloves)
Will    .....                    (no boots)
Stlth   ..........               (no amulet)
HPRegen 0.24/turn                (no ring)
MPRegen 0.08/turn                (no ring)

@: no status effects
A: demonic touch 1
a: no special abilities


You were on level 3 of the Dungeon.
You visited 1 branch of the dungeon, and saw 4 of its levels.

You collected 141 gold pieces.

Inventory:

Hand Weapons
 a - a +0 war axe (weapon)
Missiles
 t - 6 poisoned darts (quivered)
Armour
 b - a +0 scale mail
 c - a +0 buckler (worn)
 e - a +0 cloak (worn)
 k - a +0 pair of gloves
 o - a +0 cloak
 r - a +0 chain mail (worn)
Wands
 i - a wand of flame (21)
 q - a wand of mindburst (11)
Scrolls
 f - 2 scrolls of magic mapping
 h - a scroll of teleportation
 j - a scroll of poison {unknown}
 n - a scroll of torment {unknown}
 s - a scroll of amnesia
Potions
 d - a potion of might
 g - a potion of mutation {unknown}
 l - a potion of brilliance {unknown}
 p - a potion of haste


   Skills:
 + Level 3.4 Fighting
 + Level 2.2 Axes
 + Level 3.2 Armour
 + Level 2.9 Shields
 * Level 0.6 Evocations


You had 2 spell levels left.
You didn't know any spells.
Your spell library contained the following spells:

 Spells                   Type           Power      Damage    Failure   Level
 Frozen Ramparts          Ice            0%         1d1       100%        3
 Ice Form                 Ice/Tmut       0%         N/A       100%        4
 Petrify                  Tmut/Erth      0%         N/A       100%        4
 Summon Ice Beast         Ice/Summ       0%         N/A       100%        4
 Metabolic Englaciation   Hex/Ice        0%         N/A       100%        5
 Statue Form              Tmut/Erth      0%         N/A       100%        6
 Chain Lightning          Conj/Air       0%         N/A       100%        9
 Fire Storm               Conj/Fire      0%         5d1       100%        9
 Shatter                  Erth           0%         3d5*      100%        9


Dungeon Overview and Level Annotations

Branches:
Dungeon (4/15)
 Temple: D:4-7

Altars:
Vehumet

Shops:
D:1 *


Innate Abilities, Weirdness & Mutations

Your touch may inflict minor irresistible damage on your foes.


Message History

Throw: javelin (silver)
Press: ? - help, Q - select action, (/) - cycle Shift-Dir - straight line, f/p - orc
Aim: an orc, wielding a +0 flail (moderately wounded, 57% to hit)
You throw a silver javelin.
The silver javelin pierces through the orc!
You kill the orc!
The silver javelin barely misses the orc priest.
The silver javelin pierces through the orc.
The orc is heavily wounded.
You slash the orc priest!
The orc priest is severely wounded.
The orc priest hits you with a +0 short sword.
The orc priest mumbles some strange prayers to Beogh against you.
Pain shoots through your body!
You hit the orc priest.
The orc priest is severely wounded.
The orc priest hits you but does no damage.
You closely miss the orc priest.
The orc priest is severely wounded.
The orc priest hits you but does no damage. x2
You hit the orc priest.
The orc priest is almost dead.
The orc priest completely misses you.
You barely miss the orc priest.
The orc priest is almost dead.
The orc priest hits you but does no damage.
You barely miss the orc priest.
The orc priest is almost dead.
You block the orc priest's attack.
The orc priest calls down the wrath of Beogh upon you.
Pain shoots through your body!
* * * LOW HITPOINT WARNING * * *
You barely miss the orc priest.
The orc priest is almost dead.
The orc priest looks encouraged for a moment.
You hit the orc priest but do no damage.
The orc priest is almost dead.
The orc priest calls down the wrath of Beogh upon you.
Pain shoots through your body!
You die...

.. #........##....#...######
#.. #........+.....#...#....#
#.o. #........###...#...#....#
#.#.###+#........<..#........#
....o...†.............>......+
........#.#######...#........#
........#... .......#.†.......
........###########.#..###.###
#+###....(....oo@...#.........
#........##########.##......##
#[......... .............#
##........... ......#......#
#####+####.#######..#......#
#<.........#..#......#
#....#####.#..#......#
#..#.### #.#..#......#
#......###.#..#......#


You could see an orc priest and an orc.

Vanquished Creatures
  An adder (D:1)
  A worm (D:3)
  A dart slug (D:1)
  2 orcs (D:3)
  4 endoplasms
  A giant cockroach (D:2)
  4 goblins
  3 jackals (D:1)
  2 ball pythons
  5 bats
  3 kobolds (D:2)
  5 rats
32 creatures vanquished.

Notes
Turn   | Place    | Note
-------+----------+-------------------------------------------
     0 | D:1      | jlumianski the Demonspawn Fighter began the quest for the
                  | Orb.
     0 | D:1      | Reached XP level 1. HP: 18/18 MP: 1/1
    28 | D:1      | Found Natsoimu's Assorted Antiques.
   161 | D:1      | Gained mutation: Your touch may inflict minor irresistible
                  | damage on your foes. [demonic ancestry]
   161 | D:1      | Reached XP level 2. HP: 24/24 MP: 2/2
   669 | D:2      | Found a faded altar of an unknown god.
   986 | D:2      | Reached XP level 3. HP: 29/29 MP: 3/3
  1638 | D:3      | Found a radiant altar of Vehumet.
  1746 | D:3      | Killed from afar by an orc priest

Illustrated notes

Levels and vault maps discovered:
D:1:      dpeg_arrival_rooms_c, layout_basic, serial_shops, shop
D:2:      layout_basic, dreamdust_ecumenical_altar_sealed_demon,
          grunt_ministairs_12, patterned_corridor
D:3:      layout_basic, mainiacjoe_overflow_surrounded_room
D:4:      layout_basic, gammafunk_ghost_gnarly_gnolls,
          hangedman_decor_slide_cut, serial_bayou_pond_b,
          kennysheep_generic_room_15

Skill      XL: |  1  2 |
---------------+-------+-----
Armour         | 3 |  3.2
Axes           | 2 |  2.2
Fighting       | |  3.4
Shields        | |  2.9
Evocations     | |  0.6

Action                   || total
-------------------------++-------
Melee: War axe           ||    91
Throw: Javelin           ||     2
  Use: Scroll            ||     6
Armor: Scale mail        ||    44
       Chain mail        ||    11
Dodge: Dodged            ||    41
Block: Buckler           ||    22

Table legend: (Time is in decaauts)
 A = Elapsed time spent in this place.
 B = Non-inter-level travel time spent in this place.
 C = Inter-level travel time spent in this place.
 D = Time resting spent in this place.
 E = Time spent auto-exploring this place.
 F = Levels seen in this place.
 G = Mean time per level.
                   A        B        C        D        E       F      G
               +--------+--------+--------+--------+--------+-----+--------+
         Total |   1789 |   1707 |     82 |      0 |   1108 |   4 |  447.2 |
       Dungeon |   1789 |   1707 |     82 |      0 |   1108 |   4 |  447.2 |
               +--------+--------+--------+--------+--------+-----+--------+

Top non-repeatable levels by time:
     D:2: 860 daAuts
     D:1: 582 daAuts
     D:3: 342 daAuts
     D:4: 3 daAuts
